[Event "FIDE WCCC U10 2018"]
[Site "Santiago de Compostela"]
[Date "2018.11.04"]
[Round "1"]
[White "Kuhn, Clement"]
[Black "Navarro Martinez, Victor"]
[Result "1-0"]
[ECO "B23"]
[WhiteElo "2087"]
[BlackElo "1539"]
[Annotator "NA RC"]
[PlyCount "71"]
[EventDate "2018.11.04"]
[EventType "swiss"]
[EventCountry "ESP"]
[SourceTitle "playchess.com"]
[Source "ChessBase"]
[SourceQuality "1"]
[TimeControl "40/5400+30:1800+30"]

1. e4 c5 2. Nc3 Nc6 3. f4 g6 4. Nf3 Bg7 5. Bb5 Nd4 6. O-O Nxb5 7. Nxb5 d5 8. e5 a6 9. Nc3 {[%emt 0:00:19] LiveBook: 31 Games} Bf5 {[%emt 0:03:46] B23: Sizilianisch (Geschlossenes System)} ({Black should play} 9... Nh6 $11) (9... e6 10. d4 cxd4 11. Ne2 Ne7 12. Nexd4 O-O 13. Be3 f6 14. Qd2 Qc7 15. Rae1 fxe5 16. Nxe5 Nf5 17. Nxf5 Rxf5 {1-0 (27) Slipak,S (2456)-Quintiliano Pinto,R (2443) Buenos Aires 2016}) 10. d4 c4 $146 ({Vorgänger:} 10... b6 11. dxc5 bxc5 12. Qxd5 Bxc2 13. Qc6+ Kf8 14. Qxc5 Nh6 15. Rf2 Bf5 16. Be3 {½-½ (46) Zeidler,S (2233)-Eckersley Waites,T (2139) West Bromwich 2004}) 11. Qe2 Qa5 12. h3 h5 13. Ng5 Nh6 14. Be3 O-O 15. Rad1 f6 16. Nf3 Nf7 (16... Qd8 $11 {remains equal.}) 17. Bf2 Rad8 18. Be1 Rfe8 ({Black should play} 18... Nh6 $14) 19. a3 (19. Nh4 $5 ) 19... Qb6 20. Rf2 Qxb2 21. Rb1 Qxa3 22. Rxb7 e6 23. Nh4 $1 Nh6 24. Kh2 Rb8 (24... fxe5 $11 25. fxe5 Rb8) 25. Rxb8 Rxb8 26. exf6 Bxf6 27. Nxf5 Nxf5 28. Qxe6+ Kg7 29. Nxd5 Qg3+ $1 30. Kh1 Bxd4 31. Rf1 Qa3 $2 (31... Rb1 $1 $11 {und Schwarz ist OK.}) 32. c3 Bc5 $2 (32... Rd8) 33. Qf6+ (33. Qe5+ $142 Kg8 34. Qxb8+ Bf8 35. Bf2) 33... Kh7 $2 (33... Kh6 $18 34. g4 hxg4) 34. Qf7+ Ng7 35. Nf6+ Kh6 36. Bh4 1-0

[Event "FIDE WCCC U10 2018"]
[Site "Santiago de Compostela"]
[Date "2018.11.04"]
[Round "1"]
[White "Materia, Marco"]
[Black "Razhbadinov, Rasul"]
[Result "1-0"]
[ECO "C47"]
[WhiteElo "2035"]
[BlackElo "1529"]
[Annotator "NA"]
[PlyCount "39"]
[EventDate "2018.11.04"]
[EventType "swiss"]
[EventCountry "ESP"]
[SourceTitle "playchess.com"]
[Source "ChessBase"]
[SourceQuality "1"]
[TimeControl "40/5400+30:1800+30"]

1. e4 e5 2. Nf3 Nc6 3. Nc3 Nf6 4. d4 exd4 5. Nxd4 Bb4 6. Nxc6 dxc6 7. Qxd8+ Kxd8 8. Bg5 {[%emt 0:03:14] C47: Scotch Four Knights and Four Knights with 4 g3} (8. f3 Be6 9. Bd2 Nd7 10. a3 Bd6 11. O-O-O f6 12. Be3 Ke7 13. Be2 g5 14. Kb1 h5 15. g3 Ne5 {0-1 (54) Smirnov,A (2549)-Lenderman,A (2630) chess.com INT 2018}) 8... Re8 (8... Bxc3+ $11 9. bxc3 h6 10. O-O-O+ Ke7) 9. O-O-O+ Bd7 10. f3 h6 $146 ({Predecessor:} 10... b5 11. g3 h6 12. Bxf6+ gxf6 13. Bh3 Bd6 14. Bxd7 Kxd7 15. Rhe1 Re7 {1-0 (48) Werthmann,N (1706)-Zur Nieden,P (1335) Berlin 2012}) 11. Bh4 g5 12. Bf2 Bd6 13. h4 g4 14. Bc4 Ke7 15. Be3 b5 16. Be2 ({White should try} 16. Bb3 $16) 16... h5 $2 ({Black should try} 16... Nh5 $14) 17. Bg5 b4 18. Nb1 Rg8 19. Nd2 $18 gxf3 20. gxf3 1-0

[Event "FIDE WCCC U10 2018"]
[Site "Santiago de Compostela"]
[Date "2018.11.04"]
[Round "1"]
[White "Xue, Haowen"]
[Black "Xie, Felix"]
[Result "1-0"]
[ECO "E62"]
[WhiteElo "2025"]
[BlackElo "1514"]
[Annotator "NA"]
[PlyCount "71"]
[EventDate "2018.11.04"]
[EventType "swiss"]
[EventCountry "ESP"]
[SourceTitle "playchess.com"]
[Source "ChessBase"]
[SourceQuality "1"]
[TimeControl "40/5400+30:1800+30"]

1. d4 Nf6 2. c4 g6 3. g3 Bg7 4. Bg2 O-O 5. Nc3 d6 6. Nf3 Nc6 7. O-O Bf5 8. d5 Na5 9. Nd2 c5 {[%emt 0:03:05] LiveBook: 139 Games E62: King's Indian: Fianchetto: 6...c6 and Panno Variation (6...Nc6) without ...a6} (9... c6 10. e4 Bg4 11. Qa4 cxd5 12. cxd5 Bd7 13. Qa3 Ng4 14. b4 Rc8 15. Bb2 Nc4 16. Nxc4 Rxc4 17. Qb3 Qc7 18. Rfc1 Nxf2 19. Kxf2 Qb6+ {0-1 (19) Karpov,A (2628)-Fressinet,L (2702) Cap d'Agde 2015 CBM 169 Extra [Schulz,André]}) 10. a3 b6 11. b4 Nb7 12. Bb2 Qd7 13. e4 $146 ({Predecessor:} 13. Re1 Bh3 14. Bh1 Rfe8 15. Qb3 Qf5 16. e4 Qh5 17. Ne2 {0-1 (31) Christiansen,J (2354)-Felgaer,R (2575) Caleta 2015}) 13... Bh3 14. Qe2 Bxg2 15. Kxg2 Rfe8 16. Qd3 Ng4 17. f4 e5 18. f5 Bh6 19. Rae1 Qe7 20. h3 Nf6 21. Rf3 Bg7 (21... cxb4 $11 22. axb4 a5) 22. Ref1 Rf8 23. Nb3 Nd7 24. Bc1 g5 $2 {[%emt 0:04:26] [#]} (24... cxb4 $16 {is tougher.} 25. axb4 a5) 25. f6 $1 Bxf6 {[%emt 0:02:27] [#]} 26. Rxf6 $1 Nxf6 27. Bxg5 Rfe8 28. Bxf6 Qf8 29. Nb5 Rec8 30. Qf3 Qh6 31. bxc5 bxc5 32. h4 a6 33. Nc3 Rab8 34. Qg4+ Qg6 35. Qd7 Nd8 36. Qe8# 1-0

[Event "FIDE WCCC U10 2018"]
[Site "Santiago de Compostela"]
[Date "2018.11.04"]
[Round "1"]
[White "Mardov, Dimitar"]
[Black "Venkatesan, Kavin"]
[Result "1-0"]
[ECO "B90"]
[WhiteElo "1985"]
[BlackElo "1507"]
[Annotator "NA RC"]
[PlyCount "77"]
[EventDate "2018.11.04"]
[EventType "swiss"]
[EventCountry "ESP"]
[SourceTitle "playchess.com"]
[Source "ChessBase"]
[SourceQuality "1"]
[TimeControl "40/5400+30:1800+30"]

1. e4 c5 2. Nf3 d6 3. d4 cxd4 4. Nxd4 Nf6 5. Nc3 a6 6. h3 e5 {[%emt 0:00:52] LiveBook: 1250 Games} 7. Nb3 b5 {[%emt 0:03:38] B90: Sicilian Najdorf: Unusual White 6th moves, 6 Be3 Ng4 and 6 Be3 e5} 8. a4 $146 ({Predecessor:} 8. g4 Bb7 9. Bg2 b4 10. Nd5 Nxd5 11. exd5 a5 12. a3 Nd7 13. axb4 axb4 14. Bd2 h5 15. Bxb4 Rxa1 16. Qxa1 hxg4 {1-0 (44) Ter Sahakyan,S (2580)-Gabuzyan,H (2560) Yerevan 2015}) 8... bxa4 9. Rxa4 Be7 10. Bd3 Bd7 11. Ra1 O-O 12. O-O a5 13. Be3 Nc6 14. Na4 Rb8 15. c3 Be6 16. Nd2 d5 17. exd5 Bxd5 18. Qe2 e4 19. Bc2 (19. Bb1 $16) 19... Re8 20. Rfd1 Qc7 21. Rac1 Ne5 22. Bd4 Bd6 (22... Ng6 $15) 23. b3 (23. Bxe4 $2 Nxe4 24. Nxe4 Qc6 $17) (23. c4 $1 $14 Bxc4 24. Nxc4 Qxc4 25. Qxc4 Nxc4 26. Bxe4 Nxe4 27. Rxc4) 23... Ned7 24. c4 Bc6 25. Nc3 Bc5 26. Bxc5 Nxc5 27. Qe3 Qe7 28. Ra1 Nb7 29. Ne2 Rbd8 30. Nf1 Rxd1 31. Rxd1 Rd8 (31... g6 $14) 32. Nd4 Qc5 ({Black should play} 32... Bd7 $14) 33. Ng3 (33. Nxc6 $18 {is more deadly.} Qxc6 34. Rxd8+ Nxd8 35. Qa7) 33... a4 $2 {[%emt 0:02:09] [#]} (33... h6 $16 34. Bxe4 (34. Nxe4 Bxe4 35. Bxe4 Re8 $11) 34... Bxe4 35. Nxe4 Nxe4) 34. bxa4 (34. b4 $1 $18 Qxc4 35. Ngf5 Qxc2 36. Nxc2 Rxd1+ 37. Kh2) 34... Qxc4 (34... h6 $16 35. Nxc6 (35. Bxe4 Nxe4 36. Nxe4 Bxe4 $11) (35. Nxe4 Bxe4 36. Bxe4 Re8 $11) 35... Rxd1+ 36. Bxd1 Qxc6) 35. Bb3 ({Worse is} 35. Bxe4 Nxe4 36. Nxe4 Bxe4 $11) 35... Qa6 (35... Qc5 {might work better.} 36. Ngf5 Bd7) 36. Ngf5 Na5 $2 (36... Bd7 $18 37. Rc1 Kh8) 37. Qg5 Ne8 38. Qxd8 Nxb3 39. Nxc6 1-0

[Event "FIDE WCCC U10 2018"]
[Site "Santiago de Compostela"]
[Date "2018.11.04"]
[Round "1"]
[White "Volkov, Maksim"]
[Black "Borowik, Wojciech"]
[Result "1-0"]
[ECO "E68"]
[WhiteElo "1971"]
[BlackElo "1500"]
[Annotator "NA RC"]
[PlyCount "119"]
[EventDate "2018.11.04"]
[EventType "swiss"]
[EventCountry "ESP"]
[SourceTitle "playchess.com"]
[Source "ChessBase"]
[SourceQuality "1"]
[TimeControl "40/5400+30:1800+30"]

1. d4 Nf6 2. c4 g6 3. Nf3 Bg7 4. g3 O-O 5. Bg2 d6 {[%emt 0:01:14] LiveBook: 12287 Games} 6. O-O Nbd7 7. Nc3 e5 8. e4 c6 9. b3 Ne8 {[%emt 0:01:25] E68: King's Indian: Fianchetto: 6...Nbd7 7 0-0 e5 8 e4} (9... Qb6 10. Rb1 exd4 11. Nxd4 Nc5 12. Nde2 {½-½ (12) Nikolic,P (2584)-Markus,R (2613) Valjevo 2018}) 10. d5 c5 11. Qc2 $146 ({Predecessor:} 11. Bb2 f5 12. Ne1 f4 13. Nd3 h5 14. Bc1 Qg5 15. h4 Qe7 16. Bd2 a6 17. Rc1 b5 18. cxb5 axb5 19. Nxb5 Rxa2 {0-1 (32) Rozycki,B (1849)-Kolosowski,M (2439) Wroclaw 2012}) 11... Nb6 12. Ne1 f5 13. Nd3 f4 14. gxf4 exf4 15. Bxf4 Qf6 (15... Nd7 {is a better defense.} 16. Qd2 Qe7) 16. Rac1 g5 17. Be3 Qg6 18. Qd2 g4 19. e5 Bf5 (19... dxe5 $142 20. Nxc5 Nd6) 20. Nf4 Qf7 21. exd6 Nxd6 22. Bxc5 Rad8 23. Bxd6 Rxd6 24. c5 $1 Rh6 25. cxb6 Qf6 26. Qe3 Bd7 (26... Qxb6 $142 27. Rfd1 Qxe3 28. fxe3 Be5) 27. bxa7 Re8 28. Qxe8+ Bxe8 29. a8=Q Qxf4 30. Qxe8+ Bf8 31. Rfe1 Qxh2+ 32. Kf1 Qf4 33. Qe4 Qg5 34. Qe5 Qd8 35. Ne4 Bg7 36. Qc7 Qh4 37. Nd6 Rf6 38. Qd8+ Bf8 39. Re2 Rxf2+ 40. Rxf2 Qxd8 41. Ne4 Be7 {[%emt 0:05:59] [#]} 42. d6 $1 Bg5 43. Rc7 Qe8 44. d7 Qe5 45. Rc8+ Kg7 46. Nxg5 Qa1+ 47. Ke2 Qxa2+ 48. Ke3 Qxb3+ 49. Kf4 Qa4+ 50. Kg3 Qa3+ 51. Kh4 Qe3 52. Rf7+ Kh6 53. Rxh7+ (53. d8=Q $142 Qe1+ 54. Kxg4 Qe2+ 55. Bf3 Qg2+ 56. Bxg2 Kg6 57. Qf6#) 53... Kg6 54. Rg8+ Kf5 55. Rf7+ Ke5 56. Re8+ Kd4 57. d8=Q+ Kc4 58. Rxe3 Kc5 59. Rxb7 Kc4 60. Qd5# 1-0

[Event "FIDE WCCC U10 2018"]
[Site "Santiago de Compostela"]
[Date "2018.11.04"]
[Round "1"]
[White "Zhao, Erick"]
[Black "Fava, Lorenzo"]
[Result "1-0"]
[ECO "A46"]
[WhiteElo "1957"]
[BlackElo "1481"]
[Annotator "NA RC"]
[PlyCount "149"]
[EventDate "2018.11.04"]
[EventType "swiss"]
[EventCountry "ESP"]
[SourceTitle "playchess.com"]
[Source "ChessBase"]
[SourceQuality "1"]
[TimeControl "40/5400+30:1800+30"]

1. d4 Nf6 2. Nf3 e6 3. e3 c5 4. Bd3 Be7 5. O-O Nc6 {[%emt 0:00:33] LiveBook: 48 Games} 6. a3 d5 7. b3 O-O 8. Bb2 b6 9. Nbd2 Bb7 10. Ne5 {[%emt 0:01:01] D05: Colle System with ...e6} (10. Qe2 Qc7 11. Rac1 Rac8 12. c4 dxc4 13. bxc4 cxd4 14. exd4 Rfe8 15. Rfe1 Qb8 16. Ne4 Na5 17. Neg5 Qf4 18. Nxe6 fxe6 19. Qxe6+ {0-1 (33) Mamedyarov,S (2808)-Nakamura,H (2769) Paris 2018}) 10... Nd7 11. f4 Qe8 $146 (11... Ndxe5 $11 12. fxe5 a5) ({Predecessor:} 11... f5 12. Nxc6 Bxc6 13. g4 g6 14. Qe2 Bf6 15. Qg2 Kh8 16. Nf3 Rc8 {½-½ (16) Dyachkov,S (2573)-Panarin,M (2532) Dagomys 2010}) 12. Rf3 f5 13. g4 Ndxe5 14. fxe5 fxg4 15. Rg3 Bh4 16. Rg2 h5 17. h3 gxh3 18. Rg6 Qf7 19. Qxh5 Ne7 20. Rf1 Nf5 21. Bxf5 exf5 22. dxc5 d4 23. e6 h2+ 24. Kxh2 Qc7+ 25. Kh3 Rf6 26. Rfg1 Rxg6 27. Qxg6 ({Not} 27. Rxg6 Bf6 $18) 27... bxc5 28. Qf7+ Qxf7 29. exf7+ Kxf7 30. Kxh4 dxe3 31. Nc4 Rh8+ 32. Kg3 Bd5 33. Nxe3 Be4 34. Kf4 Rh4+ 35. Kg5 Rh6 36. Rd1 Rh3 37. Nxf5 Bxc2 38. Rd7+ Ke8 (38... Ke6 $142 39. Re7+ (39. Rxg7 Bxf5 40. b4 Rh2 $11) 39... Kd5 40. Re5+ Kc6) 39. Rxa7 Bxf5 40. Kxf5 Rxb3 41. Ke6 $2 ({White should play} 41. Bxg7 $18 Kd8 42. Ke6) 41... Kd8 $2 (41... Rb6+ $11 42. Kd5 Rxb2) 42. Be5 Rb6+ 43. Bd6 Kc8 44. Rc7+ (44. a4 $142 c4 45. a5 Rc6 46. a6 Rxa6 47. Rxa6 Kb7 48. Ra5 c3 49. Rc5) 44... Kb8 45. Rxg7+ Ka8 46. Rc7 Ra6 47. Rc8+ $2 (47. Rxc5 Rxa3 48. Rb5) 47... Kb7 48. Rb8+ ({Less strong is} 48. Rxc5 Rxa3 49. Rc4 Ra7 $14) 48... Kc6 $1 49. Rc8+ Kb7 50. Rb8+ Kc6 {[%emt 0:00:12] [#]} 51. Rb3 $1 Rb6 $2 (51... Ra4 52. Rc3 Re4+ 53. Be5 c4) 52. Rc3 Rb5 53. a4 Ra5 54. Rc4 Ra6 55. Rxc5+ Kb6 56. Rc4 Kb7 57. Kd7 Rb6 58. Rc5 Ka7 59. a5 Rb7+ 60. Bc7 Rb1 61. Rc6 Rh1 62. Kc8 Rh8+ 63. Bd8 Rh7 64. Rb6 (64. Bf6 $142 Ka8 65. Rd6 (65. Bd4 Rc7+ 66. Kxc7 $11) 65... Rb7 66. Ra6+ Ra7 67. Rb6 Rb7 68. Rd6 Rf7 69. Re6) 64... Rh5 65. Rb7+ Ka8 66. Rb8+ Ka7 67. Bb6+ Ka6 68. Ra8+ Kb5 69. Kb7 Rh7+ 70. Bc7 Rh1 71. a6 Kc5 72. Rc8 Rb1+ 73. Bb6+ Kd6 74. Rd8+ Ke7 75. a7 1-0

[Event "FIDE WCCC U10 2018"]
[Site "Santiago de Compostela"]
[Date "2018.11.04"]
[Round "1"]
[White "Cherniaiev, Tykhon"]
[Black "Tudela Gonzalez, Victor"]
[Result "0-1"]
[ECO "B80"]
[WhiteElo "1940"]
[BlackElo "1461"]
[Annotator "NA RC"]
[PlyCount "128"]
[EventDate "2018.11.04"]
[EventType "swiss"]
[EventCountry "ESP"]
[SourceTitle "playchess.com"]
[Source "ChessBase"]
[SourceQuality "1"]
[TimeControl "40/5400+30:1800+30"]

1. e4 c5 2. Nf3 d6 3. d4 Nf6 4. Nc3 cxd4 5. Nxd4 e6 6. Be3 {[%emt 0:03:16] LiveBook: 2237 Games} a6 7. Be2 Qc7 8. O-O b5 9. a3 Bb7 10. Bd3 Nbd7 11. Re1 {[%emt 0:02:37] B84: Sicilian Scheveningen: 6 Be2 a6, lines without early Be3} (11. f4 g6 12. Kh1 Bg7 13. Qf3 Nc5 14. Rae1 O-O 15. Bg1 Rae8 16. Nb3 Nfd7 17. Qh3 f5 18. exf5 exf5 19. Nxc5 dxc5 {½-½ (45) Gabrielian,A (2545)-Shomoev,A (2560) Dombai 2013}) 11... Be7 12. Qe2 $146 ({Predecessor:} 12. f4 O-O 13. Kh1 Rac8 14. Qe2 Nc5 15. Qf3 d5 16. e5 Nfe4 17. Bxe4 Nxe4 18. Nxe4 dxe4 19. Qg3 Rfd8 20. c3 Bc5 21. Rad1 Kh8 22. f5 Bxd4 23. Bxd4 exf5 24. Qg5 Bd5 25. Qxf5 Qd7 {½-½ (25) Petruzzelli,R (2201)-Pezzica,G (2429) ICCF email 2005}) 12... O-O 13. Rad1 Nc5 14. Bc1 Rfd8 15. Nf3 d5 16. exd5 Nxd5 17. Nxd5 Bxd5 18. Ne5 Bd6 19. h3 Rac8 20. Ng4 $2 (20. Bd2 $15) 20... Nxd3 21. cxd3 Bb3 22. Bg5 Bxd1 23. Rxd1 Be7 24. Be3 Qc2 25. Rd2 Qb3 26. Kh2 Bd6+ 27. f4 Bc5 28. d4 Bb6 29. Qf2 Qd5 30. Qg3 Kh8 31. Ne5 Rc7 32. f5 f6 (32... exf5 $142 33. Qf3 Qxf3 34. Nxf3 Kg8) 33. fxe6 Qxe6 ({Schwächer ist} 33... fxe5 34. dxe5 Qxd2 35. Bxd2 $16) 34. Nd3 $2 (34. d5 Qd6 35. Ng4) 34... Re7 35. Bf4 Rxd4 36. Rc2 Qf5 37. Rc3 Rc4 38. Bd2 Rxc3 39. bxc3 Rd7 40. Qe1 Rd8 41. Nb4 Qe5+ 42. Qxe5 fxe5 43. Bg5 Rc8 44. Nd5 Ba5 45. Kg3 Bxc3 46. Kf3 h6 47. Be7 Kg8 48. Bd6 Kf7 49. Ke4 Rc4+ 50. Ke3 Ke6 51. Nxc3 Rxc3+ 52. Kd2 Kxd6 53. Kxc3 Kd5 54. Kd3 a5 55. Ke3 b4 56. axb4 axb4 57. Kd3 e4+ 58. Ke3 b3 59. Kd2 Kd4 60. Ke2 b2 61. Kd2 b1=Q 62. Ke2 Qc2+ 63. Ke1 Ke3 64. Kf1 Qf2# 0-1

[Event "FIDE WCCC U10 2018"]
[Site "Santiago de Compostela"]
[Date "2018.11.04"]
[Round "1"]
[White "Amgalantengis, Enkh-Amgalan"]
[Black "Clotet Mas, Dan"]
[Result "1-0"]
[ECO "E81"]
[WhiteElo "1918"]
[BlackElo "1453"]
[Annotator "NA"]
[PlyCount "55"]
[EventDate "2018.11.04"]
[EventType "swiss"]
[EventCountry "ESP"]
[SourceTitle "playchess.com"]
[Source "ChessBase"]
[SourceQuality "1"]
[TimeControl "40/5400+30:1800+30"]

1. d4 Nf6 2. c4 g6 3. Nc3 d6 4. e4 Bg7 5. f3 O-O 6. Be3 Nbd7 7. Bd3 Re8 {[%emt 0:02:23] E81: King's Indian: Sämisch: 6th move deviations (including 6 Be3 c6)} (7... a6 8. Nge2 c5 9. O-O b6 10. Qd2 cxd4 11. Nxd4 Bb7 12. Rac1 Re8 13. Rfd1 e6 14. Bg5 Qc7 15. Bf1 Bf8 16. a3 Rac8 17. b4 Be7 {1-0 (45) Vidit,S (2651)-Schmaltz,R (2504) Berlin 2015}) 8. Nge2 e5 9. d5 a5 10. Qd2 b6 11. a4 Nc5 12. Bc2 Ba6 13. b3 Nfd7 $146 ({Predecessor:} 13... Nh5 14. g4 Nf6 15. Bh6 Bc8 16. Rg1 Qe7 17. O-O-O Bd7 18. h4 Rac8 19. h5 {0-1 (19) Adames Rojas,A (1740)-Pacheco Marte,S Santo Domingo 2016}) 14. g4 f6 (14... Qh4+ $14 15. Ng3 Qh3) 15. O-O-O g5 16. h4 h6 17. Ng3 Nf8 18. Nf5 Ng6 19. hxg5 hxg5 20. Qh2 Nf8 21. Nxg7 Kxg7 22. Qh8+ Kf7 23. Rh6 Qe7 $18 24. Rdh1 Red8 25. Rh7+ Nxh7 26. Rxh7+ Kg6 27. Rg7+ Qxg7 28. Qh5# 1-0

[Event "FIDE WCCC U10 2018"]
[Site "Santiago de Compostela"]
[Date "2018.11.04"]
[Round "1"]
[White "Jin Yueheng"]
[Black "Martinez Rodriguez, Francisco Salvador"]
[Result "1-0"]
[ECO "D10"]
[WhiteElo "1914"]
[BlackElo "1442"]
[Annotator "NA"]
[PlyCount "73"]
[EventDate "2018.11.04"]
[EventType "swiss"]
[EventCountry "ESP"]
[SourceTitle "playchess.com"]
[Source "ChessBase"]
[SourceQuality "1"]
[TimeControl "40/5400+30:1800+30"]

1. d4 d5 2. c4 c6 3. cxd5 cxd5 4. Bf4 Nc6 5. e3 a6 6. Nc3 Nf6 7. Bd3 e6 8. Rc1 Bd6 9. Bxd6 {[%emt 0:00:05] D10: Slav Defence: 3 cxd5 (without early Nf3) and 3 Nc3} Qxd6 10. f4 Bd7 11. Nf3 {[%emt 0:00:10] LiveBook: 7 Games} O-O 12. O-O (12. Ne5 Rfc8 {Predecessor:} 13. O-O Be8 (13... b5 {0-1 (42) Rychagov,A (2525)-Krivoshey,S (2493) playchess.com INT 2005}) 14. g4 Nd7 15. g5 Ne7 16. Qf3 b5 {0-1 (35) Volkov,S (2627)-Cori Tello,J (2636) Sitges 2017}) 12... Rfc8 13. Bb1 $146 Be8 14. Ne5 Qe7 15. Qd2 Nxe5 16. fxe5 Nd7 17. Qc2 Nf8 18. Qf2 Qg5 19. Rce1 Rc7 20. e4 dxe4 21. Nxe4 Qe7 22. Nd6 Rd8 23. Qg3 f5 {[%emt 0:07:33] [#]} (23... Rc6 $16) 24. d5 $1 exd5 25. Nxf5 ({Don't take} 25. Bxf5 Ng6) 25... Qc5+ {[%emt 0:01:58] [#]} 26. Kh1 $1 Bg6 {[%emt 0:01:18] [#]} 27. b4 $1 Qb6 $2 {[%emt 0:04:57] [#]} (27... Qc4) 28. e6 $1 Bxf5 $18 29. e7 Re8 30. exf8=Q+ Rxf8 31. Rxf5 Rxf5 32. Bxf5 Qc6 33. Be6+ Kh8 34. Bxd5 Qc1 35. h3 Qc2 36. Qxc7 Qxc7 37. Re8# 1-0

[Event "FIDE WCCC U10 2018"]
[Site "Santiago de Compostela"]
[Date "2018.11.04"]
[Round "1"]
[White "Tolmachev, Vyacheslav"]
[Black "Royal, Shreyas"]
[Result "1-0"]
[ECO "D97"]
[WhiteElo "1539"]
[BlackElo "2048"]
[Annotator "NA RC"]
[PlyCount "49"]
[EventDate "2018.11.04"]
[EventType "swiss"]
[EventCountry "ESP"]
[SourceTitle "playchess.com"]
[Source "ChessBase"]
[SourceQuality "1"]
[TimeControl "40/5400+30:1800+30"]

1. d4 Nf6 2. c4 g6 3. Nc3 d5 4. Qb3 dxc4 5. Qxc4 Nc6 6. Nf3 Bg7 7. e4 O-O 8. Be2 {[%emt 0:03:52] LiveBook: 403 Games} Re8 {[%emt 0:02:05] D97: Grünfeldindisch (Russisches System, Ragosin-Variante)} (8... e5 $11 {remains equal.} 9. d5 (9. dxe5 Ng4 $11) 9... Nd4 10. Nxd4 exd4 11. Qxd4 c6 12. Qc4 b5 13. Qxc6 Bd7 14. Qd6 Re8 15. Bg5 b4 16. Qxb4 Nxd5 17. Nxd5 Qxg5 {½-½ (33) Vidit,S (2711)-Vachier Lagrave,M (2780) chess.com INT 2018}) 9. O-O $146 ({Vorgänger:} 9. e5 Be6 10. Qa4 Nd5 11. O-O Nb6 12. Qd1 Bc4 13. Bxc4 Nxc4 14. Qe2 Nb6 15. Rd1 e6 16. Ne4 {1-0 (66) Tarini,G (1933)-Bidhar,R (1780) Thrissur 2014}) 9... e5 10. dxe5 Nxe5 11. Nxe5 Rxe5 12. Rd1 Qe7 13. Bf4 Be6 14. Qd4 Rc5 ({Black should try} 14... Ra5 $1 $14) 15. Be5 (15. Qb4 $16) 15... Bg4 16. Bxf6 Bxf6 17. e5 Bxe5 18. Qxg4 Bxc3 19. bxc3 Rxc3 20. Rd7 Qe8 21. Rad1 c5 (21... Qe5 $142 22. Bf3 Re8) 22. Bc4 Kh8 23. Bxf7 Qe5 {[%emt 0:00:52] [#]} 24. Bxg6 $1 hxg6 25. Qh4+ 1-0

[Event "FIDE WCCC U10 2018"]
[Site "Santiago de Compostela"]
[Date "2018.11.04"]
[Round "1"]
[White "Rodriguez Lopez, Sergio"]
[Black "Zhong, Kevin"]
[Result "0-1"]
[ECO "B35"]
[WhiteElo "1531"]
[BlackElo "2038"]
[Annotator "NA RC"]
[PlyCount "40"]
[EventDate "2018.11.04"]
[EventType "swiss"]
[EventCountry "ESP"]
[SourceTitle "playchess.com"]
[Source "ChessBase"]
[SourceQuality "1"]
[TimeControl "40/5400+30:1800+30"]

1. e4 c5 2. Nf3 g6 3. d4 cxd4 4. Nxd4 Bg7 5. Nc3 Nc6 6. Be3 Nf6 7. Bc4 Qa5 {[%emt 0:00:10] LiveBook: 943 Games} 8. f3 Qb4 9. Bb3 Nxe4 10. fxe4 Bxd4 11. Bxd4 Qxd4 12. Qxd4 Nxd4 13. Nd5 Kd8 14. e5 (14. O-O $17 {war angesagt.} f6 15. h3) 14... Nc6 15. O-O $19 Nxe5 16. Rae1 d6 17. Nxe7 Kxe7 18. Rxf7+ Kd8 19. Rg7 Bd7 20. Bg8 h6 0-1

[Event "FIDE WCCC U10 2018"]
[Site "Santiago de Compostela"]
[Date "2018.11.04"]
[Round "1"]
[White "Calvo Gonzalez, Jose Felix"]
[Black "Kadam Om Manish"]
[Result "0-1"]
[ECO "D58"]
[WhiteElo "1524"]
[BlackElo "2025"]
[Annotator "NA RC"]
[PlyCount "116"]
[EventDate "2018.11.04"]
[EventType "swiss"]
[EventCountry "ESP"]
[SourceTitle "playchess.com"]
[Source "ChessBase"]
[SourceQuality "1"]
[TimeControl "40/5400+30:1800+30"]

1. c4 e6 2. Nc3 d5 3. d4 Nf6 4. Bg5 Be7 5. e3 O-O 6. Nf3 h6 7. Bh4 b6 8. cxd5 exd5 9. Bd3 Bb7 10. O-O Nbd7 {[%emt 0:00:14] LiveBook: 76 Partien} 11. Rc1 c5 12. Bb1 Rc8 13. Ne5 {[%emt 0:02:21] D58: Queen's Gambit Declined: Tartakower Defence} Nxe5 14. dxe5 Ne4 15. Nxd5 {[%emt 0:14:17] [#]} Ng5 $146 ({Predecessor:} 15... Qxd5 $16 16. Qxd5 Bxd5 17. Bxe7 Rfe8 18. Bd6 Bc6 19. Rfd1 Re6 20. Bxe4 Bxe4 {½-½ (37) Maros,M (2368)-Stocek,J (2557) Slovakia 2012}) 16. Nxe7+ ({Much less strong is} 16. Bxg5 hxg5 17. Be4 Bxd5) 16... Qxe7 17. Bg3 (17. Qg4 $18 {is more deadly.}) 17... Rcd8 18. Qb3 Bd5 (18... Rd2 $11) 19. Qc3 Qb7 (19... Ne4 $142 20. Qc2 Bb7) 20. f3 Bxf3 21. gxf3 Nxf3+ 22. Rxf3 Qxf3 23. Rf1 Rd1 24. Rxd1 Qxd1+ 25. Qe1 Rd8 26. Be4 Kf8 27. Qxd1 Rxd1+ 28. Kf2 Rd2+ 29. Ke1 Rxb2 30. Bd5 $1 Ke7 31. Kd1 (31. h4 $15) 31... b5 32. Kc1 $1 Re2 33. e4 c4 34. Bc6 (34. Bf4 $17) 34... a6 ({Less strong is} 34... Rxa2 35. Bxb5 c3 36. Bc4 $15) 35. Kb1 g5 36. Bb7 h5 37. e6 fxe6 38. Bxa6 h4 39. Bb8 c3 40. Be5 Re1+ 41. Kc2 Rxe4 42. Bxc3 Re2+ 43. Bd2 Rxh2 44. Bxb5 g4 45. Kd1 g3 46. Bf1 g2 47. Bg5+ Kf7 48. Bxg2 Rxg2 49. Bxh4 Rxa2 50. Be1 Kf6 51. Kc1 Ra1+ 52. Kd2 {[%emt 0:00:06] [#]} Rxe1 $1 53. Kxe1 Kf5 54. Kf2 Kf4 55. Ke2 Ke4 56. Kd2 Kf3 57. Ke1 e5 58. Kd2 {[%emt 0:00:12] [#]} e4 0-1